 Dungeon Crawl Stone Soup version 0.31.0-11-ge490571c62 (webtiles) character file.

Game seed: 7707012937194000097

183 ProzacElf the Ruffian (level 5, -2/37 HPs)
             Began as a Demonspawn Shapeshifter on Jan 31, 2024.
             Slain by Grinder (6 damage)
             ... on level 3 of the Dungeon.
             The game lasted 00:05:09 (2272 turns).

ProzacElf the Ruffian (Demonspawn Shapeshifter)     Turns: 2272, Time: 00:05:10

Health: -2/37      AC:  6    Str: 16    XL:     5   Next: 35%
Magic:  5/5        EV: 11    Int: 11    God:
Gold:   113        SH:  4    Dex: 12    Spells: 4/4 levels left

rFire   . .          .
                       - Unarmed
rCold   + . .        (no shield)
rNeg    . . .        r - +1 ring mail {rC+}
rPois   .            (helmet currently unavailable)
rElec   .            (cloak currently unavailable)
rCorr   .            (gloves currently unavailable)
SInv    .            (boots currently unavailable)
Will    .....        (no amulet)
Stlth   +            (no ring)
HPRegen 0.26/turn    (no ring)
MPRegen 0.09/turn

%: no passive effects
@: beast-form
A: beast (slay +2), antennae 1, spiny 1, condensation shield
a: Begin Untransformation


You were on level 3 of the Dungeon.
You were a hulking beast.
You visited 1 branch of the dungeon, and saw 3 of its levels.

You collected 113 gold pieces.

Inventory:

Hand Weapons
 s - a +0 falchion
Missiles
 c - 4 poisoned darts (quivered)
Armour
 e - a +0 leather armour
 p - a +2 animal skin
 q - a +0 helmet
 r - a +1 ring mail of cold resistance (worn)
 t - a +2 robe of willpower
Jewellery
 h - a ring of fire
 j - a ring of wizardry
Talismans
 a - a beast talisman
 d - a flux talisman
Scrolls
 f - a scroll of teleportation {unknown}
 k - a scroll of butterflies {unknown}
 m - 2 scrolls of identify {unknown}
 o - a scroll of silence {unknown}
 u - a scroll of fog {unknown}
Potions
 b - 3 potions of lignification
 g - a potion of degeneration {unknown}
 i - a potion of enlightenment {unknown}
 l - a potion of might {unknown}
 n - a potion of resistance {unknown}


   Skills:
 - Level 1.0 Fighting
 - Level 1.7 Dodging
 + Level 4.3 Unarmed Combat
 + Level 4.1 Shapeshifting


You had 4 spell levels left.
You didn't know any spells.
Your spell library contained the following spells:

 Spells                   Type           Power      Damage    Failure   Level
 Stone Arrow              Conj/Erth      0%         3d7       90%         3
 Animate Armour           Summ/Erth      0%         N/A       100%        4
 Lehudib's Crystal Spear  Conj/Erth      0%         10d2      100%        8


Dungeon Overview and Level Annotations

Branches:
Dungeon (3/15)

Altars:

Annotations:
D:3 Grinder


Innate Abilities, Weirdness & Mutations

You are a hulking beast.
Your limbs bulge with bestial killing power. (Slay +2)
You have a pair of small antennae on your head.
You are partially covered in sharp spines.
A meltable shield of frost defends you. (SH +4)


Message History

Okay, than.
Grinder blinks!
Grinder hits ye but does nay damage.
Ye barely miss Grinder.
Ye hit Grinder.
Grinder be lightly wounded.
Grinder hits ye but does nay damage.
Ye completely miss Grinder.
Grinder be lightly wounded.
Grinder be struck by yer spines.
Grinder hits ye.
Ye writha in agony.
Ye take 7 damage, an' haf 30/37 hp.
Ye punch Grinder!
Grinder be moderately wounded.
Grinder gestures at ye.
Ye sudd'nly lose tha ability ta move!
Grinder hits ye.
Ye writha in agony.
Grinder gestures at ye.
Ye barely resist.
Grinder hits ye but does nay damage.
Grinder gestures at ye.
Pain shoots through yer body!
Ye can move again.
Ye take 17 damage, an' haf 13/37 hp.
MASSIVE DAMAGE!!
Ye punch Grinder!
Grinder be heavily wounded.
Ye block Grinder's attack.
Ye barely miss Grinder.
Yer punch misses Grinder.
Grinder be heavily wounded.
Grinder hits ye.
Ye take 2 damage, an' haf 12/37 hp.
Ye hit Grinder.
Grinder be heavily wounded.
Grinder be struck by yer spines.
Grinder barely misses ye.
Ye hit Grinder but do nay damage.
Ye punch Grinder, but do nay damage.
Grinder be severely wounded.
Grinder hits ye!
* * * LOW HITPOINT WARNIN'
* * * Ye writha in agony.
Ye die...
Grinder says, "Hey, I wasn't done torturin' ye yet!"

#...... #.....#
#.....# #.....#
#.....##
###......
.......S# #5#
#h# #.# #.##.#
## #.##.#
######### .#
#.##.# #.......#
.# #.##.#
#.......# .#
#.##.# #.......#
.#
#.##.###.......#
.####
#.##...........#


You could see Grinder and a ball python.

Vanquished Creatures
  Jessica (D:3)
  Natasha (twice) (D:2)
  Robin (D:1)
  2 adders (D:2)
  2 ribbon worms (D:2)
  3 bats (D:1)
  5 endoplasms
  5 giant cockroaches
  13 goblins
  13 hobgoblins
  4 jackals
  5 kobolds
  A quokka (D:1)
  6 ball pythons
  A frilled lizard (D:1)
  3 rats
67 creatures vanquished.

Notes
Turn   | Place    | Note
-------+----------+-------------------------------------------
     0 | D:1      | ProzacElf the Demonspawn Shapeshifter began the quest for
                  | the Orb.
     0 | D:1      | Reached XP level 1. HP: 15/15 MP: 1/1
   217 | D:1      | Gained mutation: You are partially covered in sharp spines.
                  | [demonic ancestry]
   217 | D:1      | Reached XP level 2. HP: 16/21 MP: 2/2
   592 | D:1      | Reached XP level 3. HP: 25/26 MP: 3/3
   809 | D:2      | Noticed Robin
   874 | D:1      | Killed Robin
  1009 | D:2      | Gained mutation: A meltable shield of frost defends you.
                  | (SH +4) [demonic ancestry]
  1009 | D:2      | Reached XP level 4. HP: 32/32 MP: 4/4
  1231 | D:2      | Noticed Natasha
  1241 | D:2      | Killed Natasha
  1341 | D:2      | You fall into a shaft and drop 1 floor!
  1361 | D:3      | Noticed Jessica
  1376 | D:3      | Killed Jessica
  1590 | D:3      | Gained mutation: You have a pair of small antennae on your
                  | head. [demonic ancestry]
  1590 | D:3      | Reached XP level 5. HP: 37/37 MP: 5/5
  1768 | D:2      | Noticed Natasha
  1779 | D:2      | Killed Natasha
  2255 | D:3      | Noticed Grinder
  2264 | D:3      | Paralysed by Grinder for 4 turns
  2272 | D:3      | Slain by Grinder

Illustrated notes

Levels and vault maps discovered:
D:1:      pf_arrival_petrified_forest, layout_basic,
          nicolae_concentric_dashed_squares_wild, st_stairs_5
D:2:      layout_loops_ring, serial_forest, infiniplex_forest_lined_2,
          infiniplex_forest_pool, infiniplex_forest_corner_2,
          infiniplex_forest_straight_2, reono_crystal_passage, uniq_natasha,
          uniq_robin
D:3:      layout_basic, uniq_grinder, uniq_jessica

Skill      XL: |  1  2  3  4  5 |
---------------+----------------+-----
Unarmed Combat | 3 4 |  4.3
Shapeshifting  | 3 4 |  4.1
Fighting       | |  1.0
Dodging        | |  1.7

Action                     |  1- 3 |  4- 6 || total
---------------------------+-------+-------++-------
  Melee: Unarmed           |    94 |    67 ||   161
         Punch             |     2 |     3 ||     5
 Armour: Leather armour    |    26 |       ||    26
         Animal skin       |     6 |       ||     6
         Ring mail         |    37 |    25 ||    62
         Skin              |       |     2 ||     2
  Dodge: Dodged            |    44 |    18 ||    62
  Block: Other             |       |     7 ||     7

Action                     |  1- 3 |  4- 6 || total
---------------------------+-------+-------++-------
  Melee: Unarmed           |    94 |    67 ||   161
         Punch             |     2 |     3 ||     5
 Armour: Leather armour    |    26 |       ||    26
         Animal skin       |     6 |       ||     6
         Ring mail         |    37 |    25 ||    62
         Skin              |       |     2 ||     2
  Dodge: Dodged            |    44 |    18 ||    62
  Block: Other             |       |     7 ||     7

Levels and vault maps discovered:
D:1:      pf_arrival_petrified_forest, layout_basic,
          nicolae_concentric_dashed_squares_wild, st_stairs_5
D:2:      layout_loops_ring, serial_forest, infiniplex_forest_lined_2,
          infiniplex_forest_pool, infiniplex_forest_corner_2,
          infiniplex_forest_straight_2, reono_crystal_passage, uniq_natasha,
          uniq_robin
D:3:      layout_basic, uniq_grinder, uniq_jessica
